 Dungeon Crawl Stone Soup version 0.30.0-19-g36f170ea60 (webtiles) character file.

Game seed: 3140628094337825403

138 Graphine the Conjurer (level 5, 0/39 HPs)
             Began as a Human Conjurer on May 31, 2023.
             Slain by a gnoll
             ... wielding a +0 whip
              (6 damage)
             ... on level 2 of the Dungeon.
             The game lasted 00:07:08 (2022 turns).

Graphine the Conjurer (Human Conjurer)              Turns: 2022, Time: 00:07:08

Health: 0/39       AC:  3    Str:  8    XL:     5   Next: 45%
Magic:  0/9        EV: 12    Int: 20    God:
Gold:   80         SH:  0    Dex: 11    Spells: 4/10 levels left

rFire   . . .        g - +3 dagger (drain)
rCold   . . .        (no shield)
rNeg    . . .        a - +0 robe
rPois   .            (no helmet)
rElec   .            d - +0 cloak
rCorr   .            (no gloves)
SInv    .            (no boots)
Will    .....        (no amulet)
Stlth   ++           (no ring)
HPRegen 0.26/turn    (no ring)
MPRegen 0.11/turn

%: no passive effects
@: no status effects
A: no striking features
a: no special abilities


You were on level 2 of the Dungeon.
You visited 1 branch of the dungeon, and saw 2 of its levels.

You collected 80 gold pieces.

Inventory:

Hand Weapons
 e - a +0 dagger
 g - a +3 dagger of draining (weapon)
Missiles
 b - 10 poisoned darts
Armour
 a - a +0 robe (worn)
 c - a +0 ring mail
 d - a +0 cloak (worn)


   Skills:
 * Level 2.5 Fighting
 - Level 2.0 Dodging
 - Level 2.0 Stealth
 * Level 3.2 Spellcasting
 * Level 4.9 Conjurations


You had 4 spell levels left.
You knew the following spells:

 Your Spells              Type           Power      Damage    Failure   Level
a - Magic Dart            Conj           88%        1d7       1%          1
b - Searing Ray           Conj           44%        2d6       2%          2
c - Dazzling Flash        Conj/Hex       26%        N/A       16%         3

Your spell library contained the following spells:

 Spells                   Type           Power      Damage    Failure   Level
 Inner Flame              Hex/Fire       3%         N/A       38%         3
 Vhi's Electric Charge    Tloc/Air       6%         N/A       38%         3
 Flame Wave               Conj/Fire      13%        2d6       45%         4
 Fulminant Prism          Conj/Hex       6%         3d7       45%         4
 Iskenderun's Mystic Bla  Conj/Tloc      13%        2d5       45%         4
 Sticky Flame             Conj/Fire      13%        2d4       45%         4
 Arcjolt                  Conj/Air       6%         1d16      80%         5
 Maxwell's Capacitive Co  Air            1%         ∞         100%        8


Dungeon Overview and Level Annotations

Branches:
Dungeon (2/15)

Altars:


Message History

Press: ? - help, Shift-Dir - straight line, f - gnoll, p - kobold
Aim: a gnoll, wielding a +0 whip (100% to hit)
The magic dart hits the hobgoblin but does no damage.
The hobgoblin closely misses you.
Unknown command.
You hit the hobgoblin.
The hobgoblin is severely wounded.
The hobgoblin hits you.
You hit the hobgoblin.
You kill the hobgoblin!
You closely miss the kobold. The kobold hits you but does no damage.
You hit the kobold.
You kill the kobold!
You barely miss the gnoll. The gnoll closely misses you.
You completely miss the gnoll. The gnoll barely misses you.
You barely miss the gnoll. The gnoll misses you.
Casting: Magic Dart (safe; 1% risk of failure)
Confirm with . or Enter, or press ? or * to list all spells.
Aiming: Magic Dart (safe; 1% risk of failure)
Press: ? - help, Shift-Dir - straight line, f/p - gnoll
Aim: a gnoll, wielding a +0 whip (100% to hit)
The magic dart hits the gnoll.
The gnoll is moderately wounded.
The gnoll hits you with a +0 whip.
You barely miss the gnoll.
The gnoll is moderately wounded.
The gnoll hits you with a +0 whip!
* * * LOW HITPOINT WARNING * * *
You completely miss the gnoll.
The gnoll is moderately wounded.
The gnoll barely misses you.
You closely miss the gnoll.
The gnoll is moderately wounded.
The gnoll hits you with a +0 whip.
* * * LOW HITPOINT WARNING * * *
You aren't carrying any potions.
You hit the gnoll. You drain the gnoll.
The gnoll is almost dead.
The gnoll hits you with a +0 whip.
You die...

,**,,,,,,,,,,***,,,,,,,,,,,,,,,,,
,**,,******,,,,#..#,**,*******,**
,**,,***,***,*,...#,**,*,* *,*
,,,,,,**,* *,**#....#*.#,* *,*
***,,***,* *,* #..#.##.#.# #,*
,,,,,* *,* *,* #..#....*.##*##.##
*,*,,***.###,**#..........,,.....
*,*,,,,,....,,*#.##........,.....
*,**,***.....,*#@##.##.#.###.#.##
,,**,***.....,*#g##.#.........)##
*,,,,,,*......*#)......#.##..#...
*,,,,,,*......##.##.##.#.#*#.....
*,,,,,,*.....g.#)##.##.#.###....#
,,,,,,,,.....†................>.#
,,,,,,,*#g####.#.##.##.#.#.......
,,,,,,,**,* #.#.................
*********,* #.#.##.####.#.#.#.##


You could see a gnoll (very drained).

Vanquished Creatures
  2 orc wizards (D:2)
  2 gnolls (D:2)
  2 adders (D:2)
  A dart slug (D:1)
  3 orcs (D:2)
  4 bats
  4 endoplasms
  5 giant cockroaches
  3 goblins (D:1)
  2 hobgoblins (D:2)
  6 jackals (D:1)
  3 kobolds (D:2)
  2 quokkas
  2 ball pythons (D:1)
  2 frilled lizards (D:2)
  4 rats (D:1)
47 creatures vanquished.

Notes
Turn   | Place    | Note
-------+----------+-------------------------------------------
     0 | D:1      | Graphine the Human Conjurer began the quest for the Orb.
     0 | D:1      | Reached XP level 1. HP: 13/13 MP: 3/3
   141 | D:1      | Reached XP level 2. HP: 14/20 MP: 0/5
   451 | D:1      | Reached skill level 1 in Fighting
   626 | D:1      | Reached XP level 3. HP: 26/26 MP: 1/6
   835 | D:1      | Learned a level 2 spell: Searing Ray
   839 | D:1      | Learned a level 3 spell: Dazzling Flash
  1483 | D:2      | Reached XP level 4. HP: 20/33 MP: 4/8
  1668 | D:2      | Reached XP level 5. HP: 38/38 MP: 6/9
  2022 | D:2      | Slain by a gnoll

Illustrated notes

Levels and vault maps discovered:
D:1:      minmay_arrival_split_and_join, layout_basic
D:2:      layout_basic, nicolae_grassy_gnolls

Skill      XL: |  1  2  3  4 |
---------------+-------------+-----
Fighting       | 1 2 |  2.5
Spellcasting   | 3 |  3.2
Dodging        | |  2.0
Stealth        | |  2.0
Conjurations   | |  4.9

Action                     |  1- 3 |  4- 6 || total
---------------------------+-------+-------++-------
  Melee: Unarmed           |     2 |       ||     2
         Dagger            |    39 |    45 ||    84
   Cast: Magic Dart        |    51 |    23 ||    74
         Dazzling Flash    |     1 |     3 ||     4
    Use: Potion            |     1 |     1 ||     2
         Scroll            |     1 |     1 ||     2
 Armour: Robe              |    19 |    11 ||    30
  Dodge: Dodged            |    31 |    28 ||    59
